 Crawl Stoat Soup version 0.23-s2-94-g3f65888a41 (webtiles) character file.

47 voronchuk the Skirmisher (level 3, -2/33 HPs)
             Began as a Mountain Dwarf Abyssal Knight on Feb 20, 2023.
             Was a Believer of Lugonu.
             Succumbed to Sigmund's poison
             ... on level 2 of the Dungeon.
             The game lasted 00:04:33 (1289 turns).

voronchuk the Skirmisher (MDAK)                     Turns: 1289, Time: 00:04:34

Health: -2/33      AC:  5    Str: 16    XL:     3   Next: 48%
Magic:  1/3        EV: 11    Int: 10    God:    Lugonu [**....]
Gold:   31         SH:  0    Dex: 11    Spells: 2/2 levels left

rFire    . . .     SeeInvis .   a - +1 hand axe
rCold    . . .     Gourm    .   (no shield)
rNeg     . . .     Faith    .   b - +0 leather armour
rPois    .         Spirit   .   (no helmet)
rElec    .         Warding  .   (no cloak)
rCorr    .         Reflect  .   (no gloves)
MR       .....     Harm     .   (no boots)
Stlth    +.........             (no amulet)
HPRegen  0.11/turn              (no ring)
MPRegen  0.08/turn              (no ring)

@: lethally poisoned (-2 -> -45)
A: iridescent scales 1, blink, blurry vision 1
a: Blink, Depart the Abyss, Bend Space, Renounce Religion


You were on level 2 of the Dungeon.
You worshipped Lugonu.
Lugonu was pleased with you.
You were very hungry.

You visited 1 branch of the dungeon, and saw 2 of its levels.
You visited the Abyss 1 time.

You collected 31 gold pieces.

Inventory:

Hand Weapons
 a - a +1 hand axe (weapon)
Armour
 b - a +0 leather armour (worn)
Scrolls
 d - 2 scrolls of remove curse {unknown}
 e - a scroll of fear {unknown}
 f - a scroll of identify {unknown}
 h - a scroll of magic mapping {unknown}
Comestibles
 c - 2 bread rations


   Skills:
 + Level 4.2 Fighting
 + Level 3.5 Axes
 * Level 0.1 Throwing
 + Level 3.3 Armour
 + Level 0.8 Dodging
 * Level 2.1 Invocations


You had 2 spell levels left.
You didn't know any spells.
Your spell library was empty.

Dungeon Overview and Level Annotations

Branches:
Dungeon (2/15)

Altars:

Annotations:
D:2 Sigmund


Innate Abilities, Weirdness & Mutations

You are partially covered in iridescent scales. (AC +2)
You can translocate small distances at will.
Scrolls take you a little longer to read.


Message History

a leopard gecko corpse; a frilled lizard corpse You closely miss something.
Something hits you. Space bends around you!
You blink.
You completely miss something. Something hits you!
You are poisoned.
Space bends around you!
You blink.
You feel sick. Something hits you!
* * * LOW HITPOINT WARNING * * *
You are more poisoned.
It was a potion of mutation.
You feel extremely strange.
Your vision blurs.
Iridescent scales grow over part of your body.
You feel jittery.
* * * LOW HITPOINT WARNING * * *
You feel very sick. Something hits you but does no damage.
You are more poisoned.
Okay, then.
Okay, then.
You closely miss something.
You die...

#. ≈≈..≈..≈.
##.##≈≈≈..≈..≈
...##.≈..≈(..
###.##..≈≈....
#.#..#........
#.#...........
#####.#.(.........
#......{(.......###
#.######@####.....
#†# ...... #.#
...... #.# ......
#.# ... #.# #.# #.#
#.#


There were no monsters in sight!

Vanquished Creatures
  An adder (D:2)
  2 leopard geckos
  2 giant cockroaches (D:1)
  7 goblins (D:1)
  7 hobgoblins
  2 ball pythons (D:1)
  A bat (D:1)
  2 frilled lizards (D:2)
  3 kobolds
  6 rats (D:1)
33 creatures vanquished.

Notes
Turn   | Place    | Note
-------+----------+-------------------------------------------
     0 | Abyss:1  | voronchuk the Mountain Dwarf Abyssal Knight began the quest
                  | for the Orb.
     0 | Abyss:1  | Reached XP level 1. HP: 19/19 MP: 1/1
    70 | D:1      | Escaped the Abyss
   180 | D:1      | Reached XP level 2. HP: 11/27 MP: 2/2
   262 | D:1      | Reached skill level 4 in Fighting
   889 | D:1      | Reached ** piety under Lugonu
  1112 | D:1      | Reached XP level 3. HP: 20/33 MP: 3/3
  1261 | D:2      | Noticed Sigmund
  1288 | D:2      | Gained mutation: Scrolls take you a little longer to read.
                  | [potion of mutation]
  1288 | D:2      | Gained mutation: You are partially covered in iridescent
                  | scales. (AC +2) [potion of mutation]
  1288 | D:2      | Gained mutation: You can translocate small distances at
                  | will. [potion of mutation]
  1289 | D:2      | Succumbed to Sigmund's poison

Vault maps used:
D:1:      onia_arrival_pentagram, minmay_small_reverse_x
D:2:      cheibrodos_helix_gallery, minmay_misc_feat_hallway, uniq_jessica,
          uniq_robin, uniq_crazy_yiuf_cottage, uniq_sigmund

Skill      XL: |  1  2 |
---------------+-------+-----
Fighting       | 4 |  4.2
Armour         | 3 |  3.3
Axes           | 3 |  3.5
Throwing       | |  0.1
Dodging        | |  0.8
Invocations    | |  2.1

Action                   || total
-------------------------++-------
Melee: Hand axe          ||   101
Invok: Bend Space        ||     2
  Use: Potion            ||     2
Armor: Leather armour    ||    35
Dodge: Dodged            ||    68

Table legend:
 A = Spawn XP
 B = Non-spawn XP
 C = Spawn XP percentage of total XP
 D = Spawn monster count
 E = Non-spawn monster count
 F = Spawn count percentage of total count
 G = Total turns spent on level
                    A         B        C        D         E        F      G
               +---------+---------+-------+---------+---------+-------+---------
         Total |       8 |      60 |  11.8 |       4 |      29 |  12.1 |  1289
               +---------+---------+-------+---------+---------+-------+---------
           D:1 |       8 |      38 |  17.4 |       4 |      23 |  14.8 |  1149
           D:2 |       0 |      22 |   0.0 |       0 |       6 |   0.0 |    70
               +---------+---------+-------+---------+---------+-------+---------
